AoeStats
← Ux'RaúlME

Nomad

509792796Analyzed
2v2 RM · 4d ago on Sep 28, 2026· 50m 57s· 4 players
Game mode
Random Map
Map size
176×176
Population
200
Speed
Normal
Resources
Standard
Victory
Conquest
Starting age
Dark Age
Ending age
Imperial Age
RankedLock teamsTeams togetherTeam positionsShared explorationLock speedFull tech treeHidden civsTurbo modeCheats
Victory
Defeat
🇲🇽 Mongols · Mexico
1233
+14
🇲🇽 Persians · Mexico
1121
+18
🇵🇪 Tupi · Peru
1182
-16
🇵🇪 Berbers · Peru
1179
-16
Ux'RaulitoMD
3:01 Loom
13:02 Feudal Age
15:58 Scale Barding Armor
16:03 Forging
18:29 Castle Age
20:08 Wheelbarrow
19:19 Town Watch
20:18 Husbandry
21:01 Fishing Lines
25:56 Gillnets
26:42 Double-Bit Axe
27:41 Horse Collar
29:27 Forging
33:29 Chain Barding Armor
33:45 Iron Casting
33:00 Fletching
34:39 Bloodlines
34:55 Bow Saw
34:48 Heavy Plow
34:45 Gold Mining
34:45 Stone Mining
35:15 Murder Holes
39:13 Imperial Age
37:33 Bodkin Arrow
37:04 Light Cavalry
40:33 Plate Barding Armor
41:14 Conscription
40:28 Cavalier
40:52 Heavy Camel Rider
42:20 Masonry
42:31 Ballistics
43:11 Chemistry
44:23 Gold Shaft Mining
51:03 Kamandaran
51:14 Citadels
51:40 Hoardings
52:11 Blast Furnace
51:11 Padded Archer Armor
51:12 Scale Mail Armor
Ux'RaúlME
4:54 Loom
5:17 Loom
14:47 Feudal Age
19:24 Castle Age
18:42 Double-Bit Axe
19:09 Gold Mining
19:19 Fletching
22:45 Bow Saw
23:20 Town Watch
24:20 Wheelbarrow
23:35 Horse Collar
24:43 Heavy Plow
27:21 Padded Archer Armor
29:38 Gold Shaft Mining
29:31 Bodkin Arrow
35:28 Ballistics
36:11 Leather Archer Armor
39:42 Imperial Age
37:30 Husbandry
37:41 Bloodlines
40:39 Bracer
42:00 Chemistry
42:05 Conscription
42:51 Light Cavalry
44:12 Scale Barding Armor
44:18 Forging
44:09 Hussar
45:18 Conscription
46:40 Iron Casting
47:21 Chain Barding Armor
49:00 Elite Mangudai
SparMankus
3:49 Loom
5:55 Loom
12:25 Feudal Age
16:18 Castle Age
15:02 Double-Bit Axe
15:30 Gold Mining
15:51 Fletching
17:15 Bow Saw
20:09 Bodkin Arrow
21:50 Padded Archer Armor
24:09 Fishing Lines
25:23 Ballistics
25:52 Gillnets
28:06 Leather Archer Armor
34:00 Wheelbarrow
33:19 Town Watch
34:29 Elite Skirmisher
35:09 Horse Collar
40:28 Imperial Age
42:19 Chemistry
41:43 Bracer
42:14 Ring Archer Armor
[Inkas'A] Q-NEO
4:44 Loom
15:32 Feudal Age
16:16 Town Watch
16:35 Gold Mining
23:10 Castle Age
21:23 Fletching
24:24 Medium Warships
24:33 Bodkin Arrow
26:36 Double-Bit Axe
27:28 Bloodlines
27:58 Husbandry
30:16 Bow Saw
29:48 Horse Collar
34:16 Heavy Plow
39:27 Imperial Age
37:49 Gold Shaft Mining
37:06 Stone Mining
38:05 Forging
37:56 Padded Archer Armor
38:02 Scale Barding Armor
38:41 Wheelbarrow
39:29 Iron Casting
41:18 Chemistry
40:39 Hand Cart
41:38 Cavalier
44:33 Scale Mail Armor
44:10 Pikeman
45:45 Squires
46:22 Chain Mail Armor
47:08 Blast Furnace
47:37 Plate Mail Armor
48:18 Bracer
48:39 Chain Barding Armor
51:02 Leather Archer Armor
Connection lost

Rejoining the realm…

Still unreachable

The connection could not be restored.

Session expired

The server has moved on; the page needs a fresh start.